[ PARTIDA AOE2 · #495970980 ]
UnrankedCumanos vs Armenians
Equipo del jugador · VICT
Equipo rival · DERR
[ ANÁLISIS DE REPETICIÓN · EXTRAÍDO DE LA PARTIDA GRABADA ]
Feudal
8:17
Castillos
—
Imperial
—
| APM promedio | 76.9 |
| APM pico | 120 |
| eAPM promedio | 23.8 |
| Aldeanos / militares | 55 / 10 |
Foco
⚔️ 12.9% · 🌾 87.1%
Scout Cavalry ×10
Feudal
9:30
Castillos
14:55
Imperial
—
| APM promedio | 45.8 |
| APM pico | 76 |
| eAPM promedio | 12.8 |
| Aldeanos / militares | 30 / 2 |
Foco
⚔️ 27.6% · 🌾 72.4%
Spearman ×2
Mapa de la partida
Recursos iniciales + cada clic de construcción. Líneas = muros · curvas = relieve. ◆ oro · ⬟ piedra · ● bayas · ✦ reliquia · ◌ hueco del cierre
Tu base· Abierta — hueco de 5t
Base de Ghost· Abierta — hueco de 4t
Terreno inicial suavizado · ◌ = hueco del cierre detectado · pasá el cursor para detalles
Inputs por minuto
— Mongolsbiene - - Ghost
Build order — Mongolsbiene
117 acciones detectadas en el replay
| 0:00 | Crear | Villager (Male) |
| 0:01 | Crear | Villager (Male) |
| 0:02 | Construir | House |
| 0:03 | Construir | House |
| 0:08 | Crear | Villager (Male) |
| 0:09 | Crear | Villager (Male) |
| 1:38 | Crear | Villager (Male) |
| 2:08 | Crear | Villager (Male) |
| 2:14 | Construir | Lumber Camp |
| 2:35 | Crear | Villager (Male) |
| 2:35 | Crear | Villager (Male) |
| 2:35 | Crear | Villager (Male) |
| 3:19 | Crear | Villager (Male) |
| 3:19 | Crear | Villager (Male) |
| 3:34 | Crear | Villager (Male) |
| 3:38 | Construir | House |
| 3:53 | Crear | Villager (Male) |
| 4:29 | Crear | Villager (Male) |
| 4:51 | Construir | Mill |
| 5:32 | Crear | Villager (Male) |
| 6:07 | Investigar | Feudal Age |
| 6:07 | Investigar | Feudal Age |
| 6:07 | Investigar | Feudal Age |
| 7:41 | Construir | House |
| 8:17 | Edad | Edad Feudal |
| 8:21 | Construir | Town Center |
| 8:27 | Crear | Villager (Male) |
| 8:32 | Investigar | Double-Bit Axe |
| 8:50 | Crear | Villager (Male) |
| 8:59 | Crear | Villager (Male) |
| 9:20 | Crear | Villager (Male) |
| 9:45 | Crear | Villager (Male) |
| 9:55 | Crear | Villager (Male) |
| 9:56 | Crear | Villager (Male) |
| 9:56 | Crear | Villager (Male) |
| 10:12 | Crear | Villager (Male) |
| 10:26 | Construir | House |
| 10:28 | Construir | House |
| 10:41 | Crear | Villager (Male) |
| 10:52 | Construir | Mill |
| 11:03 | Crear | Villager (Male) |
| 11:04 | Crear | Villager (Male) |
| 11:04 | Crear | Villager (Male) |
| 11:04 | Crear | Villager (Male) |
| 11:20 | Crear | Villager (Male) |
| 11:30 | Construir | House |
| 11:33 | Construir | Blacksmith |
| 12:02 | Crear | Villager (Male) |
| 12:02 | Crear | Villager (Male) |
| 12:05 | Construir | House |
| 12:12 | Investigar | Loom |
| 12:23 | Construir | Market |
| 12:26 | Investigar | Wheelbarrow |
| 12:35 | Crear | Villager (Male) |
| 12:46 | Crear | Villager (Male) |
| 13:09 | Investigar | Horse Collar |
| 13:17 | Construir | Farm |
| 13:34 | Construir | House |
| 13:35 | Construir | House |
| 13:38 | Crear | Villager (Male) |
| 13:41 | Construir | Farm |
| 13:45 | Crear | Villager (Male) |
| 14:14 | Construir | Barracks |
| 14:16 | Crear | Villager (Male) |
| 14:17 | Crear | Villager (Male) |
| 14:32 | Crear | Villager (Male) |
| 14:49 | Construir | Lumber Camp |
| 15:05 | Crear | Villager (Male) |
| 15:20 | Crear | Villager (Male) |
| 15:26 | Construir | Stable |
| 15:30 | Crear | Villager (Male) |
| 15:32 | Construir | Farm |
| 15:43 | Crear | Villager (Male) |
| 15:51 | Construir | Stable |
| 15:58 | Construir | Farm |
| 16:00 | Construir | Farm |
| 16:04 | Crear | Villager (Male) |
| 16:05 | Crear | Villager (Male) |
| 16:13 | Crear | Scout Cavalry |
| 16:23 | Construir | Farm |
| 16:26 | Crear | Scout Cavalry |
| 16:36 | Construir | House |
| 16:40 | Crear | Scout Cavalry |
| 16:41 | Crear | Scout Cavalry |
| 16:42 | Crear | Villager (Male) |
| 17:04 | Crear | Villager (Male) |
| 17:07 | Construir | Farm |
| 17:20 | Construir | House |
| 17:30 | Construir | Farm |
| 17:31 | Crear | Villager (Male) |
| 17:33 | Construir | Farm |
| 17:33 | Construir | Farm |
| 17:33 | Construir | Farm |
| 17:33 | Construir | Farm |
| 17:33 | Construir | Farm |
| 17:33 | Construir | Farm |
| 17:38 | Crear | Villager (Male) |
| 17:43 | Crear | Villager (Male) |
| 17:50 | Crear | Scout Cavalry |
| 17:51 | Crear | Scout Cavalry |
| 18:27 | Crear | Scout Cavalry |
| 18:28 | Crear | Scout Cavalry |
| 18:37 | Crear | Villager (Male) |
| 18:46 | Construir | Farm |
| 18:47 | Construir | Farm |
| 18:50 | Investigar | Scale Barding Armor |
| 18:50 | Investigar | Scale Barding Armor |
| 19:01 | Investigar | Forging |
| 19:01 | Investigar | Forging |
| 19:02 | Crear | Villager (Male) |
| 19:02 | Crear | Villager (Male) |
| 19:07 | Construir | Farm |
| 19:35 | Construir | Watch Tower |
| 19:37 | Crear | Villager (Male) |
| 19:46 | Crear | Villager (Male) |
| 19:50 | Crear | Scout Cavalry |
| 19:50 | Crear | Scout Cavalry |
Build order — Ghost
58 acciones detectadas en el replay
| 0:01 | Crear | Villager (Male) |
| 0:01 | Crear | Villager (Male) |
| 0:02 | Construir | House |
| 0:03 | Construir | House |
| 0:24 | Crear | Villager (Male) |
| 0:24 | Crear | Villager (Male) |
| 1:28 | Crear | Villager (Male) |
| 1:54 | Crear | Villager (Male) |
| 2:24 | Crear | Villager (Male) |
| 2:24 | Crear | Villager (Male) |
| 2:38 | Construir | Mule Cart |
| 3:07 | Crear | Villager (Male) |
| 3:31 | Crear | Villager (Male) |
| 4:01 | Crear | Villager (Male) |
| 4:18 | Construir | House |
| 4:25 | Crear | Villager (Male) |
| 4:48 | Crear | Villager (Male) |
| 5:19 | Crear | Villager (Male) |
| 5:52 | Crear | Villager (Male) |
| 6:14 | Crear | Villager (Male) |
| 6:37 | Construir | Mill |
| 6:38 | Investigar | Loom |
| 7:20 | Investigar | Feudal Age |
| 7:36 | Construir | Barracks |
| 8:00 | Construir | Mule Cart |
| 8:11 | Construir | House |
| 8:37 | Crear | Villager (Male) |
| 9:30 | Edad | Edad Feudal |
| 9:38 | Construir | Blacksmith |
| 9:43 | Crear | Villager (Male) |
| 10:03 | Construir | Archery Range |
| 11:17 | Crear | Villager (Male) |
| 11:25 | Construir | Market |
| 12:15 | Investigar | Castle Age |
| 12:47 | Construir | Mule Cart |
| 13:14 | Investigar | Double-Bit Axe |
| 13:22 | Crear | Villager (Male) |
| 13:43 | Crear | Spearman |
| 13:59 | Construir | House |
| 14:30 | Crear | Villager (Male) |
| 14:55 | Edad | Edad de los Castillos |
| 14:59 | Crear | Villager (Male) |
| 16:22 | Crear | Villager (Male) |
| 16:53 | Crear | Villager (Male) |
| 16:59 | Crear | Spearman |
| 17:19 | Crear | Villager (Male) |
| 17:35 | Construir | Castle |
| 17:57 | Crear | Villager (Male) |
| 18:25 | Crear | Villager (Male) |
| 18:49 | Crear | Villager (Male) |
| 18:59 | Construir | Castle |
| 19:08 | Construir | Palisade Wall |
| 19:11 | Construir | Palisade Wall |
| 19:13 | Construir | House |
| 19:15 | Construir | House |
| 19:27 | Crear | Villager (Male) |
| 19:37 | Crear | Villager (Male) |
| 19:48 | Construir | Palisade Wall |
Cronología de la partida
| 7:36 | Ghost · first_building Barracks |
| 8:17 | Mongolsbiene · age_up feudal |
| 9:30 | Ghost · age_up feudal |
| 10:03 | Ghost · first_building Archery Range |
| 14:14 | Mongolsbiene · first_building Barracks |
| 14:55 | Ghost · age_up castle |
| 15:26 | Mongolsbiene · first_building Stable |
| 17:35 | Ghost · first_building Castle |
| 19:08 | Ghost · wall_segment Palisade Wall x1 |
| 19:11 | Ghost · wall_segment Palisade Wall x1 |
| 19:31 | Mongolsbiene · first_market_buy 100 stone |
| 19:48 | Ghost · wall_segment Palisade Wall x1 |
| 19:55 | Ghost · resign |
[ ANÁLISIS IA · 1 CRÉDITO ]
¿Qué pasó realmente en esta partida?
Wolo.gg analiza cada decisión: build order, eco, micro, errores típicos por bracket. Análisis personalizado por WhatsApp o Discord en 30 segundos.
Guía civ
Cumanos
Perfil
Jugador #2687195